 Dungeon Crawl Stone Soup version 0.27-a0-1272-g7c8ad2e407 (webtiles) character file.

Game seed: 11927581840959761635

34964 Bnni the Gelid (level 13, -6/93 HPs)
             Began as an Octopode Ice Elementalist on June 11, 2021.
             Was an Initiate of Gozag.
             Mangled by a death yak simulacrum (9 damage)
             ... in an ice cave.
             The game lasted 02:05:13 (21357 turns).

Bnni the Gelid (Octopode Ice Elementalist)         Turns: 21357, Time: 02:05:18

Health: -6/93      AC: 13    Str: 14    XL:     13   Next: 80%
Magic:  27/27      EV: 18    Int: 22    God:    Gozag
Gold:   1044       SH:  6    Dex: 21    Spells: 4/32 levels left

rFire    + + .     SeeInvis .   n - +10 mace of Osamis {flame, rF+ Dex+5}
rCold    . . .     Faith    .   t - +0 buckler
rNeg     + + +     Spirit   .   o - +2 hat
rPois    +         Reflect  .   y - amulet of magic regeneration
rElec    .         Harm     .   a - ring "Camod" {Contam rPois rF+ rN+++ Dex+4}
rCorr    .         Rampage  .   d - ring of willpower
Will     +....                  g - +6 ring of strength
Stlth    ++++......             (no ring)
HPRegen  0.25/turn              (no ring)
MPRegen  0.45/turn              (no ring)
                                (no ring)
                                (no ring)

@: ice-armoured
A: almost no armour, amphibious, 8 rings, camouflage 1, gelatinous body 1,
(nimble swimmer 1), tentacles
a: Renounce Religion, Potion Petition, Call Merchant, Bribe Branch


You were in an ice cave.
You worshipped Gozag.
Gozag was most pleased with you.
You visited 2 branches of the dungeon, and saw 15 of its levels.
You also visited: Ice Cave.

You collected 4219 gold pieces.
You spent 1603 gold pieces at shops.
You paid 1572 gold pieces to Gozag.

Inventory:

Hand Weapons
 n - the +10 mace of Osamis (weapon) {flame, rF+ Dex+5}
   (You took it off an orc on level 4 of the Dungeon)

   It has been specially enchanted to burn those struck by it, causing extra
   injury to most foes and up to half again as much damage against particularly
   susceptible opponents.
   It affects your dexterity (+5).
   It protects you from fire.
 q - the +4 trident of the End of Times {drain, *Noise rF+ Will+ Str+3}
   (You found it on level 13 of the Dungeon)

   A truly terrible weapon, it drains the life of those it strikes.
   It affects your strength (+3).
   It protects you from fire.
   It may make noises in combat.
   It increases your willpower.
 s - a +3 spear of venom
Missiles
 A - 12 atropa-tipped darts
Armour
 o - a +2 hat (worn)
 t - a +0 buckler (worn)
Jewellery
 a - the ring "Camod" (left tentacle) {Contam rPois rF+ rN+++ Dex+4}
   (You bought it in a shop on level 1 of the Dungeon)

   [ring of poison resistance]

   It affects your dexterity (+4).
   It protects you from fire.
   It protects you from poison.
   It renders you almost immune to negative energy.
   It causes magical contamination when unequipped.
 d - a ring of willpower (right tentacle)
 g - a +6 ring of strength (on tentacle)
 y - an amulet of magic regeneration (around mantle)
Wands
 c - a wand of paralysis (19)
 l - a wand of iceblast (12)
 r - a wand of polymorph (11)
 u - a wand of digging (3)
 v - a wand of acid (7)
 G - a wand of flame (8)
Scrolls
 f - 6 scrolls of enchant weapon
 p - 3 scrolls of summoning
 w - a scroll of amnesia
 C - a scroll of fog
 E - 5 scrolls of teleportation
Potions
 b - 4 potions of curing
 e - 3 potions of mutation
 h - 5 potions of brilliance
 i - 3 potions of magic
 k - a potion of resistance
 m - a potion of haste
 x - 2 potions of flight
 z - a potion of berserk rage {unknown}
 B - a potion of might
 D - 2 potions of ambrosia
Miscellaneous
 j - a condenser vane
 F - a lightning rod (4/4)


   Skills:
 + Level 10.7 Fighting
 - Level 7.0 Dodging
 - Level 2.6 Stealth
 - Level 4.0 Shields
 + Level 10.1 Spellcasting
 - Level 4.0 Conjurations
 - Level 3.0 Hexes
 * Level 15.0 Ice Magic


You had 4 spell levels left.
You knew the following spells:

 Your Spells              Type           Power      Damage    Failure   Level
a - Freeze                Ice            100%       1d11      0%          1
b - Frozen Ramparts       Ice            100%       1d12      1%          3
c - Ozocubu's Armour      Ice            67%        N/A       1%          3
d - Hailstorm             Conj/Ice       52%        3d12      1%          4
e - Apportation           Tloc           22%        N/A       6%          1
f - Metabolic Englaciati  Hex/Ice        25%        N/A       4%          5
g - Summon Ice Beast      Ice/Summ       44%        N/A       2%          4
h - Ozocubu's Refrigerat  Ice            33%        4d11      11%         7

Your spell library contained the following spells:

 Spells                   Type           Power      Damage    Failure   Level
 Magic Dart               Conj           100%       1d8       1%          1
 Searing Ray              Conj           56%        3d5       1%          2
 Foxfire                  Conj/Fire      76%        2x1d7     2%          1
 Ice Form                 Ice/Tmut       44%        N/A       2%          4
 Dazzling Flash           Conj/Hex       52%        N/A       4%          3
 Tukima's Dance           Hex            24%        N/A       5%          3
 Beastly Appendage        Tmut           22%        N/A       6%          1
 Wereblood                Tmut           11%        N/A       9%          2
 Fulminant Prism          Conj/Hex       13%        3d9       14%         4
 Ignite Poison            Fire/Tmut/Pois 11%        N/A       19%         3
 Lesser Beckoning         Tloc           5%         N/A       19%         3
 Spider Form              Tmut/Pois      5%         N/A       19%         3
 Iskenderun's Mystic Bla  Conj/Tloc      19%        2d6       26%         4
 Freezing Cloud           Conj/Ice/Air   19%        6-21      12%         5
 Simulacrum               Ice/Necr       22%        N/A       38%         6
 Fireball                 Conj/Fire      9%         3d6       58%         5
 Alistair's Intoxication  Tmut/Pois      7%         N/A       86%         5
 Invisibility             Hex            12%        N/A       95%         6
 Starburst                Conj/Fire      9%         8x6d5     99%         6
 Ignition                 Fire           5%         3d4       100%        8


Dungeon Overview and Level Annotations

Branches:
Dungeon (13/15)              Lair (2/6) D:11            Orc (0/2) D:11
  IceCv (1/1)
 Temple: D:4-7        Swamp: Lair:2-4    Shoals: Lair:2-4     Snake: Lair:2-4
 Spider: Lair:2-4    Vaults: D:13-14

Altars:
Ashenzari
Cheibriados
Fedhas
Gozag
Kikubaaqudgha
Makhleb
Nemelex Xobeh
Okawaru
Qazlal
Ru
Sif Muna
Trog
Uskayaw
Xom
Zin
The Shining One
Beogh

Shops:
D:1 =   D:13 [   Lair:1 :

Annotations:
D:12 1 transporter, Azrael, Frances, Nessos


Innate Abilities, Weirdness & Mutations

You cannot wear most types of armour.
You are amphibious.
You can wear up to eight rings at the same time.
Your skin changes colour to match your surroundings (Stealth+).
Your rubbery body absorbs attacks. (AC +1, EV +1)
((You are camouflaged near water. (Stealth+)))
You have tentacles for arms and can constrict up to eight enemies at once.


Message History

You now have 1039 gold pieces (gained 6).
You now have 1044 gold pieces (gained 5).
A death yak simulacrum is nearby!
Casting: Ozocubu's Armour (safe; 1% risk of failure)
Confirm with . or Enter, or press ? or * to list all spells.
A film of ice covers your body!
You hit the death yak simulacrum.
You melt the death yak simulacrum.
The death yak simulacrum is lightly damaged.
The death yak simulacrum barely misses you.
You hit the death yak simulacrum but do no damage.
You squeeze the death yak simulacrum.
The death yak simulacrum is lightly damaged.
The death yak simulacrum misses you.
You sock the death yak simulacrum!
You melt the death yak simulacrum.
The death yak simulacrum is heavily damaged.
The death yak simulacrum gores you! The death yak simulacrum freezes you!!
You hit the death yak simulacrum.
You melt the death yak simulacrum.
The death yak simulacrum is severely damaged.
You block the death yak simulacrum's attack.
You hit the death yak simulacrum but do no damage.
You squeeze the death yak simulacrum, but do no damage.
The death yak simulacrum is severely damaged.
You block the death yak simulacrum's attack.
The death yak simulacrum closely misses you.
You hit the death yak simulacrum.
You melt the death yak simulacrum.
The death yak simulacrum is almost destroyed.
The death yak simulacrum completely misses you.
You hit the death yak simulacrum.
You melt the death yak simulacrum.
The death yak simulacrum is almost destroyed.
The death yak simulacrum gores you! The death yak simulacrum freezes you!!!
* * * LOW HITPOINT WARNING * * *
Aiming: Throw Flame
Press: ? - help, Shift-Dir - straight line, f - death yak simulacrum
Aim: a death yak simulacrum (almost destroyed, 100% to hit)
The puff of flame hits the death yak simulacrum.
The death yak simulacrum melts!
The death yak simulacrum is almost destroyed.
The death yak simulacrum gores you!
You die...
Your body crumbles into a pile of gold.

#### ##..## ###
##....##.Z##
#..........#
#.∩.∩.......
#.....Z.##.. ##...@####
##.#..###≈#######
##.######≈≈≈≈≈#≈≈##
##.≈≈####≈≈≈≈≈≈≈≈≈≈##
##.≈≈≈≈≈≈≈≈≈≈≈≈####≈≈##
##.#≈≈≈≈≈≈≈≈#≈### ##≈≈#
##.####≈###≈#### ##≈#
#.## ### ### ### ###


You could see a wolf simulacrum (dormant) and a death yak simulacrum.

Vanquished Creatures
  Kirke (D:13)
  2 boulder beetles (D:11)
  5 hydras
  3 centaur warriors
  The ghost of Majang the Frost Mage, a journeyman DEIE of Vehumet (Lair:1)
  A phantasmal warrior (D:13)
  The ghost of celly00 the Fighter, a novice VSFi of Uskayaw (D:8)
  An orc knight (D:13)
  A cyclops (D:13)
  An orc sorcerer (D:11)
  4 elephants (Lair:2)
  7 cane toads
  A gargoyle (D:12)
  2 ice devils (Lair:2)
  A komodo dragon (Lair:2)
  A rime drake (Lair:1)
  A kobold demonologist (D:11)
  A queen bee (D:8)
  A jumping spider (shapeshifter) (D:13)
  A polar bear (Lair:1)
  A troll (D:13)
  2 blink frogs (Lair:2)
  Grinder (D:5)
  Prince Ribbit (D:6)
  3 centaur simulacra (D:13)
  A shadow (D:9)
  A water elemental (D:12)
  Sigmund (D:6)
  The ghost of 27snakeeyes612 the Chopper, an amateur NaFi of Makhleb (D:4)
  40 yaks
  A hog (D:13)
  4 steam dragons
  2 basilisks
  Menkaure (D:6)
  3 vampire mosquitoes (D:13)
  2 water moccasins (Lair:1)
  Duvessa (D:6)
  11 orc warriors
  2 ice beasts
  A black bear (D:7)
  A meliai simulacrum (D:13)
  2 alligator simulacra (IceCv)
  2 sky beasts (D:6)
  A swamp drake (D:11)
  A necrophage (D:7)
  2 ogres (D:6)
  5 wolves
  6 centaurs
  Blork the orc (D:6)
  5 kobold brigands
  11 bullfrogs
  2 gnoll sergeants
  4 scorpions
  A wyvern skeleton (D:6)
  Dowan (D:6)
  22 killer bees
  2 electric eels
  2 howler monkeys (D:7)
  3 centaur zombies
  4 jellies
  5 hounds
  12 orc priests
  5 gnoll shamans
  Jessica (D:2)
  Terence (D:3)
  4 iguanas
  14 orc wizards
  A hound skeleton (D:4)
  10 adders
  26 gnolls
  6 white imps
  2 ufetubi (D:13)
  A worm (D:2)
  3 dart slugs
  70 orcs
  9 ball pythons
  7 endoplasms
  3 giant cockroaches
  9 goblins
  6 hobgoblins
  18 kobolds
  5 quokkas
  13 bats
  4 frilled lizards
  A quokka skeleton (D:4)
  8 rats
439 creatures vanquished.

Vanquished Creatures (collateral kills)
  2 elephants (Lair:2)
  2 komodo dragons (Lair:1)
  2 yaks (Lair:1)
  2 basilisks (Lair:2)
  A wolf (Lair:2)
  A bullfrog (Lair:2)
10 creatures vanquished.

Vanquished Creatures (others)
  A manticore (D:12)
  A polar bear (D:13)
  3 humans (D:13)
  A water moccasin (D:8)
  An orc (D:11)
  5 fungi
  18 plants
30 creatures vanquished.

Grand Total: 479 creatures vanquished

Notes
Turn   | Place    | Note
-------+----------+-------------------------------------------
     0 | D:1      | Bnni the Octopode Ice Elementalist began the quest for the
                  | Orb.
     0 | D:1      | Reached XP level 1. HP: 11/11 MP: 3/3
    26 | D:1      | Found a faded altar of an unknown god.
   198 | D:1      | Reached XP level 2. HP: 18/18 MP: 5/5
   534 | D:1      | Found Kiwnar's Jewellery Boutique.
   627 | D:1      | Reached skill level 1 in Fighting
   710 | D:1      | Reached XP level 3. HP: 23/23 MP: 6/6
   714 | D:1      | Learned a level 3 spell: Frozen Ramparts
  1545 | D:2      | Noticed Jessica
  1551 | D:2      | Killed Jessica
  1552 | D:2      | Reached XP level 4. HP: 28/28 MP: 3/7
  1738 | D:2      | Reached skill level 5 in Ice Magic
  1857 | D:2      | Learned a level 3 spell: Ozocubu's Armour
  2807 | D:3      | Noticed Terence
  2812 | D:3      | Reached XP level 5. HP: 34/34 MP: 9/9
  2853 | D:3      | Killed Terence
  2922 | D:3      | Found a sacrificial altar of Ru.
  3150 | D:3      | Found an opulent altar of Gozag.
  3173 | D:3      | Became a worshipper of Gozag Ym Sagoz the Greedy
  3398 | D:4      | Found an iron altar of Okawaru.
  3596 | D:4      | Noticed a centaur
  3601 | D:4      | Killed a centaur
  3602 | D:4      | Reached XP level 6. HP: 33/41 MP: 6/10
  3853 | D:4      | Reached skill level 6 in Ice Magic
  4249 | D:4      | Found a bloodstained altar of Trog.
  4373 | D:4      | Found a runed translucent gate.
  4388 | D:4      | Found a runed translucent gate.
  4390 | D:4      | Found a runed translucent gate.
  4390 | D:4      | Noticed 27snakeeyes612's ghost (amateur NaFi)
  4393 | D:4      | Identified the +10 mace of Osamis {flame, rF+ Dex+5}
  4421 | D:4      | Killed 27snakeeyes612's ghost
  4422 | D:4      | Reached XP level 7. HP: 40/46 MP: 0/12
  5144 | D:5      | Entered Level 5 of the Dungeon
  5155 | D:5      | Learned a level 4 spell: Hailstorm
  5354 | D:5      | Reached skill level 1 in Conjurations
  5354 | D:5      | Reached skill level 7 in Ice Magic
  5538 | D:5      | Reached XP level 8. HP: 22/54 MP: 7/14
  6034 | D:5      | Noticed Grinder
  6044 | D:5      | Killed Grinder
  6062 | D:5      | Reached skill level 8 in Ice Magic
  6712 | D:5      | Reached skill level 1 in Shields
  6712 | D:5      | Reached XP level 9. HP: 60/60 MP: 16/16
  6932 | D:6      | Noticed Menkaure
  7002 | D:6      | Reached skill level 5 in Spellcasting
  7029 | D:6      | Reached skill level 5 in Fighting
  7084 | D:6      | Noticed Prince Ribbit
  7103 | D:6      | Killed Prince Ribbit
  7203 | D:6      | Reached skill level 9 in Ice Magic
  7268 | D:6      | Noticed Duvessa
  7373 | D:1      | Bought the ring "Camod" {Contam rPois rF+ rN+++ Dex+4} for
                  | 693 gold pieces
  7464 | D:6      | Killed Menkaure
  7470 | D:6      | Noticed Dowan
  7483 | D:6      | Killed Dowan
  7493 | D:6      | Killed Duvessa
  7705 | D:6      | Noticed Sigmund
  7711 | D:6      | Killed Sigmund
  8093 | D:6      | You fall into a shaft and drop 2 floors!
  8093 | D:8      | Found a stormy altar of Qazlal.
  8093 | D:8      | Found a blossoming altar of Fedhas.
  8127 | D:8      | Found a transporter.
  8131 | D:8      | Noticed a queen bee
  8152 | D:8      | Found a transporter.
  8261 | D:8      | Noticed a centaur warrior
  8269 | D:8      | Killed a centaur warrior
  8270 | D:8      | Reached skill level 10 in Ice Magic
  8270 | D:8      | Reached XP level 10. HP: 37/69 MP: 11/19
  8422 | D:8      | Noticed an angel
  8424 | D:8      | Found a shimmering altar of Xom.
  8431 | D:8      | Found a glowing silver altar of Zin.
  8700 | D:6      | Noticed Blork the orc
  8708 | D:6      | Killed Blork the orc
  8766 | D:6      | Found a snail-covered altar of Cheibriados.
  8983 | D:7      | Found an ancient bone altar of Kikubaaqudgha.
  9435 | D:7      | Found a shimmering blue altar of Sif Muna.
  9442 | D:7      | Got Sif Muna's Handbook of the Compass
  9445 | D:7      | Got Sif Muna's Incunabulum of the Arsonist
  9530 | D:7      | Learned a level 1 spell: Apportation
 10259 | D:8      | Reached skill level 11 in Ice Magic
 10572 | D:8      | Noticed celly00's ghost (novice VSFi)
 10582 | D:8      | Killed celly00's ghost
 10947 | D:9      | Reached XP level 11. HP: 75/75 MP: 17/21
 11490 | D:9      | Learned a level 5 spell: Metabolic Englaciation
 11881 | D:9      | Found a glowing golden altar of the Shining One.
 12261 | D:10     | Entered Level 10 of the Dungeon
 12280 | D:10     | Reached skill level 1 in Hexes
 12554 | D:10     | Noticed a centaur warrior
 12564 | D:10     | Killed a centaur warrior
 12894 | D:10     | Reached skill level 12 in Ice Magic
 13108 | D:10     | Found a faded altar of an unknown god.
 13108 | D:10     | Found a broken altar of Ashenzari.
 13116 | D:10     | Found a hide-covered altar of Uskayaw.
 13118 | D:10     | Found a sparkling altar of Nemelex Xobeh.
 13120 | D:10     | Found a burning altar of Makhleb.
 13921 | D:11     | Found a staircase to the Lair.
 14088 | D:11     | Noticed a boulder beetle
 14164 | D:11     | Killed a boulder beetle
 14244 | D:11     | Noticed a boulder beetle
 14292 | D:11     | Killed a boulder beetle
 14597 | D:11     | Noticed an orc sorcerer
 14606 | D:11     | Killed an orc sorcerer
 14836 | D:11     | Reached XP level 12. HP: 80/84 MP: 18/24
 14883 | D:11     | Found a staircase to the Orcish Mines.
 15183 | D:12     | Noticed Frances
 15309 | D:12     | Found a transporter.
 15379 | D:12     | Noticed Nessos
 15677 | D:12     | Noticed a tengu warrior
 15679 | D:12     | Noticed Azrael
 15683 | D:13     | Noticed a centaur warrior
 15696 | D:13     | Killed a centaur warrior
 15906 | D:13     | Reached skill level 13 in Ice Magic
 16181 | D:13     | Identified the +4 trident of the End of Times {drain,
                  | *Noise rF+ Will+ Str+3}
 16202 | D:13     | Noticed Kirke
 16217 | D:13     | Killed Kirke
 16218 | D:13     | Reached skill level 5 in Dodging
 16379 | D:13     | Found Qigharu's Antique Armour Boutique.
 17360 | D:13     | Noticed an iron troll
 18301 | Lair:1   | Entered Level 1 of the Lair of Beasts
 18301 | Lair:1   | Noticed a five-headed hydra
 18311 | Lair:1   | Killed a five-headed hydra
 18322 | Lair:1   | Reached XP level 13. HP: 52/91 MP: 5/26
 18532 | Lair:1   | Reached skill level 14 in Ice Magic
 18801 | Lair:1   | Reached skill level 10 in Fighting
 19325 | Lair:1   | Found a runed translucent door.
 19328 | Lair:1   | Noticed Majang's ghost (journeyman DEIE)
 19354 | Lair:1   | HP: 2/92 [frozen (4)]
 19356 | Lair:1   | Killed Majang's ghost
 19379 | Lair:1   | Bought a book of Ice for 910 gold pieces
 19384 | Lair:1   | Learned a level 4 spell: Summon Ice Beast
 19392 | Lair:1   | Learned a level 7 spell: Ozocubu's Refrigeration
 20889 | Lair:2   | Reached skill level 10 in Spellcasting
 21051 | Lair:2   | Reached skill level 15 in Ice Magic
 21086 | Lair:2   | Found a frozen archway.
 21111 | IceCv    | Entered an ice cave
 21356 | IceCv    | HP: 3/93 [death yak simulacrum (40)]
 21357 | IceCv    | Mangled by a death yak simulacrum

Illustrated notes

Levels and vault maps discovered:
D:1:      shiori_arrival_maze, layout_loops_ring, serial_shops,
          nicolae_shop_crystal, basic_ecumenical_altar
D:2:      layout_loops_ring, uniq_jessica
D:3:      layout_basic, nicolae_gozag_seed_capital,
          nicolae_ru_the_path_less_chosen, uniq_terence
D:4:      layout_loops_corners, amcnicky_altar_gilded, lemuel_tele_altar,
          biasface_ghost_orc_armoury, serial_bayou_lake_a
D:5:      layout_cave_pods, serial_gnoll_camp, gnoll_camp_mini_hut,
          gnoll_camp_mini_house, gnoll_camp_mini_house,
          gnoll_camp_mini_loothouse, uniq_grinder
D:6:      layout_rooms, nicolae_overflow_crystal_walls,
          chequers_decorated_corner, minmay_misc_feat_x, uniq_sigmund,
          uniq_prince_ribbit1, uniq_blork_the_orc, uniq_menkaure, uniq_duvessa
D:7:      layout_basic, nicolae_sif_muna_little_library,
          kiku_gazebo_garden_becter, minmay_temple_entry_from_below_b,
          kennysheep_generic_room_6
D:8:      layout_loops_cross, grunt_temple_overflow_order_and_chaos_1,
          grunt_temple_overflow_forces_of_nature, gammafunk_ghost_hive,
          minivault_4, chequers_serial_rivers_room_b
D:9:      layout_irregular_city, kennysheep_mini, chequers_serial_rivers_micro_d
D:10:     layout_irregular_city, chequers_temple_overflow_minitemple,
          serial_column_ruins, column_ruins_columns_straight,
          column_ruins_corridor_dead_end, column_ruins_columns_corner
D:11:     layout_irregular_city, dpeg_oklobed_lair, erik_orc_1, minmay_librarian
D:12:     gammafunk_the_bubble [the_bubble_gammafunk_crates], layout_basic,
          hangedman_batty, uniq_azrael, uniq_nessos, uniq_frances
D:13:     layout_roguey [special_room_orc], david_vaults_4, serial_ice,
          serial_ice_a, serial_ice_c, serial_ice_m, serial_ice_g, serial_ice_h,
          serial_ice_o, serial_shops, shop, uniq_kirke
Lair:1:   layout_cave_pods, ebering_ghost_inner_flame, minmay_shattered_shrine
Lair:2:   layout_hall_layers, portal_ice_cave_demonic_guard,
          gammafunk_ghost_berserking_beasts
IceCv:    ice_cave_small_necro

Skill      XL: |  1  2  3  4  5  6  7  8  9 10 11 12 13 |
---------------+----------------------------------------+-----
Fighting       | 1 2 3 4 6 7 8 9 10 | 10.7
Ice Magic      | 5 6 7 8 10 11 12 13 15 | 15.0
Spellcasting   | 3 4 6 7 8 9 10 | 10.1
Conjurations   | 1 4 |  4.0
Shields        | 1 4 |  4.0
Hexes          | 3 |  3.0
Dodging        | 4 6 7 |  7.0
Stealth        | |  2.6

Action                   |  1- 3 |  4- 6 |  7- 9 | 10-12 | 13-15 || total
-------------------------+-------+-------+-------+-------+-------++-------
Melee: Mace              |    47 |    23 |   125 |   316 |   149 ||   660
       Constrict         |     8 |    20 |    26 |    44 |    19 ||   117
       Tentacles         |     3 |    11 |    11 |    68 |    43 ||   136
       Dagger            |       |    78 |       |       |       ||    78
       Spear             |       |       |     6 |       |       ||     6
Throw: Boomerang         |       |       |       |     1 |       ||     1
       Throwing net      |       |       |       |     2 |       ||     2
 Cast: Frozen Ramparts   |     2 |     7 |    19 |    51 |     7 ||    86
       Ozocubu's Armour  |       |     2 |     6 |    32 |    11 ||    51
       Freeze            |       |     5 |     9 |    23 |       ||    37
       Hailstorm         |       |       |     5 |    24 |       ||    29
       Metabolic Englaci |       |       |       |     1 |       ||     1
       Summon Ice Beast  |       |       |       |       |    21 ||    21
       Ozocubu's Refrige |       |       |       |       |     4 ||     4
Invok: Potion Petition   |       |       |       |     2 |     1 ||     3
       Call Merchant     |       |       |       |       |     1 ||     1
Evoke: Wand              |       |       |     1 |     2 |     8 ||    11
  Use: Scroll            |       |     4 |    10 |    13 |       ||    27
       Potion            |       |       |     3 |     5 |     1 ||     9
 Stab: Sleeping          |    12 |    17 |     6 |     4 |     4 ||    43
       Paralysed         |       |       |     4 |       |       ||     4
       Distracted        |       |       |       |     5 |     2 ||     7
       Held in net/web   |       |       |       |     2 |       ||     2
Armor: Skin              |     3 |    13 |    25 |   137 |    35 ||   213
Dodge: Dodged            |    24 |    73 |    97 |   344 |   135 ||   673
Block: Buckler           |       |       |       |   139 |    52 ||   191

Table legend: (Time is in decaauts)
 A = Elapsed time spent in this place.
 B = Non-inter-level travel time spent in this place.
 C = Inter-level travel time spent in this place.
 D = Time resting spent in this place.
 E = Time spent auto-exploring this place.
 F = Levels seen in this place.
 G = Mean time per level.
                   A        B        C        D        E       F      G
               +--------+--------+--------+--------+--------+-----+--------+
         Total |  21664 |  20990 |    674 |   3246 |  14266 |  16 | 1354.0 |
       Dungeon |  18546 |  17891 |    655 |   3088 |  11915 |  13 | 1426.6 |
          Lair |   2869 |   2850 |     19 |      4 |   2304 |   2 | 1434.5 |
      Ice Cave |    248 |    248 |      0 |    154 |     47 |   1 |  248.0 |
               +--------+--------+--------+--------+--------+-----+--------+

Top non-repeatable levels by time:
    D:13: 2619 daAuts
  Lair:1: 2365 daAuts
    D:11: 1931 daAuts
     D:5: 1926 daAuts
     D:4: 1763 daAuts
     D:9: 1440 daAuts
     D:6: 1436 daAuts
     D:1: 1435 daAuts
    D:10: 1429 daAuts
     D:8: 1359 daAuts
     D:2: 1186 daAuts
     D:7: 958 daAuts
     D:3: 880 daAuts
  Lair:2: 504 daAuts
   IceCv: 248 daAuts
